 Dungeon Crawl Stone Soup version 0.24.1-8-ga250c9d538 (webtiles) character file.

Game seed: 807506375132028381, levelgen mode: deterministic

31 Hugehornet the Insei (level 3, -6/23 HPs)
             Began as an Octopode Transmuter on May 8, 2020.
             Mangled by a hobgoblin
             ... wielding a +0 club
              (8 damage)
             ... on level 1 of the Dungeon.
             The game lasted 00:01:27 (657 turns).

Hugehornet the Insei (Octopode Transmuter)           Turns: 657, Time: 00:01:28

Health: -6/23      AC:  1    Str:  9    XL:     3   Next: 22%
Magic:  5/6        EV: 13    Int: 16    God:
Gold:   11         SH:  0    Dex: 12    Spells: 0/6 levels left

rFire    . . .     SeeInvis .     - Unarmed
rCold    . . .     Gourm    .   (no shield)
rNeg     . . .     Faith    .   (helmet restricted)
rPois    .         Spirit   .   (no amulet)
rElec    .         Reflect  .   (no ring)
rCorr    .         Harm     .   (no ring)
MR       .....                  (no ring)
Stlth    ++........             (no ring)
HPRegen  0.07/turn              (no ring)
MPRegen  0.10/turn              (no ring)
                                (no ring)
                                (no ring)

@: appendage
A: almost no armour, stealthy swim, amphibious, 8 rings, constrict 8, tentacle
spike 3, camouflage 1, gelatinous body 1
a: End Transformation


You were on level 1 of the Dungeon.
You were not hungry.
One of your tentacles had a temporary spike.
You visited 1 branch of the dungeon, and saw 1 of its levels.

You collected 11 gold pieces.

Inventory:

Missiles
 a - 12 arrows
Scrolls
 b - a scroll of remove curse {unknown}
 g - 2 scrolls of noise {unknown}
Potions
 d - a potion of mutation {unknown}
 e - a potion of flight {unknown}
 h - a potion of brilliance {unknown}
Comestibles
 c - 2 rations
 f - 4 chunks of flesh


   Skills:
 - Level 1.0 Fighting
 - Level 2.0 Dodging
 * Level 3.2 Unarmed Combat
 + Level 2.1 Spellcasting
 - Level 3.1 Transmutations
 * Level 0.4 Poison Magic


You couldn't memorise any spells.
You knew the following spells:

 Your Spells              Type           Power        Failure   Level  Hunger
a - Beastly Appendage     Tmut           ##....       5%          1    #......
b - Sticks to Snakes      Tmut           ##......     9%          2    ###....
c - Spider Form           Tmut/Pois      #.........   28%         3    ###....

Your spell library contained the following spells:

 Spells                   Type           Power        Failure   Level  Hunger
 Ice Form                 Ice/Tmut       #.......     71%         4    #####..
 Blade Hands              Tmut           ##........   83%         5    ######.


Dungeon Overview and Level Annotations

Branches:
Dungeon (1/15)

Altars:


Innate Abilities, Weirdness & Mutations

You cannot wear most types of armour.
You are very stealthy in the water. (Stealth+)
You are amphibious.
You can wear up to eight rings at the same time.
You can use your tentacles to constrict eight enemies at once.
Your skin changes colour to match your surroundings (Stealth+).
Your rubbery body absorbs attacks. (AC +1, EV +1)
One of your tentacles bears a large vicious spike.


Message History

You kill the hobgoblin!
Your tentacle spike disappears.
You tentacle-slap the giant cockroach but do no damage.
You grab the giant cockroach.
The giant cockroach is moderately wounded.
You constrict the giant cockroach, but do no damage.
The giant cockroach barely misses you. The giant cockroach bites you.
* * * LOW HITPOINT WARNING * * *
Casting: Beastly Appendage (safe; 5% risk of failure)
Confirm with . or Enter, or press ? or * to list all spells.
One of your tentacles grows a vicious spike.
You constrict the giant cockroach. The giant cockroach bites you.
* * * LOW HITPOINT WARNING * * *
You tentacle-slap the giant cockroach.
You kill the giant cockroach!
You tentacle-slap the hobgoblin. Your grab misses the hobgoblin.
You pierce the hobgoblin.
The hobgoblin is almost dead.
The hobgoblin hits you with a +0 club!
You die...

#.# #.# #.# #.#
#)# #.# .# # #.#
.##.....# #.#
#.#....... #@#
..........
#g##.#........
#J#..#........
##...##........
##.....#........
#......J.....g..
#.......#?......
#.......##.....#
##.....## ######


You could see an ooze and a hobgoblin.

Vanquished Creatures
  2 oozes (D:1)
  A leopard gecko (D:1)
  A ball python (D:1)
  2 bats (D:1)
  A giant cockroach (D:1)
  3 goblins (D:1)
  2 hobgoblins (D:1)
  3 kobolds (D:1)
  A frilled lizard (D:1)
  3 rats (D:1)
19 creatures vanquished.

Notes
Turn   | Place    | Note
-------+----------+-------------------------------------------
     0 | D:1      | Hugehornet the Octopode Transmuter began the quest for the
                  | Orb.
     0 | D:1      | Reached XP level 1. HP: 13/13 MP: 3/3
   321 | D:1      | Reached XP level 2. HP: 16/18 MP: 3/5
   552 | D:1      | Learned a level 2 spell: Sticks to Snakes
   566 | D:1      | Reached XP level 3. HP: 14/23 MP: 6/6
   571 | D:1      | Learned a level 3 spell: Spider Form
   657 | D:1      | Mangled by a hobgoblin

Levels and vault maps discovered:
D:1:      matt_arrival_diagonals, layout_rooms

Skill      XL: |  1  2 |
---------------+-------+-----
Transmutations | 3 |  3.1
Fighting       | |  1.0
Dodging        | |  2.0
Unarmed Combat | |  3.2
Spellcasting   | |  2.1
Poison Magic   | |  0.4

Action                   || total
-------------------------++-------
Melee: Unarmed           ||    44
       Kick              ||    13
       Constrict         ||    12
       Tentacles         ||     7
 Cast: Beastly Appendage ||    10
 Stab: Sleeping          ||     1
Armor: Skin              ||     3
Dodge: Dodged            ||    34
